 Dungeon Crawl Stone Soup version 0.30-a0-743-gbfdf073431 (webtiles) character file.

Game seed: 4229294472002594221

47 Leeroy the Slasher (level 3, -2/18 HPs)
             Began as a Vine Stalker Warper on Feb 6, 2023.
             Slain by Sigmund
             ... wielding a +0 scythe
              (3 damage)
             ... on level 2 of the Dungeon.
             The game lasted 00:01:03 (1294 turns).

Leeroy the Slasher (Vine Stalker Warper)            Turns: 1294, Time: 00:01:03

Health: -2/18      AC:  5    Str: 13    XL:     3   Next: 70%
Magic:  0/7        EV: 11    Int: 13    God:
Gold:   43         SH:  0    Dex: 15    Spells: 6/6 levels left

rFire   . . .      SeeInvis .    a - +0 falchion
rCold   . . .      Faith    .    (no shield)
rNeg    . . .      Spirit   +    b - +0 leather armour
rPois   .          Reflect  .    k - +0 helmet
rElec   .          Harm     .    (no cloak)
rCorr   .          Rampage  .    (no gloves)
Will    .....                    h - +0 pair of boots
Stlth   +                        (no amulet)
HPRegen 0.23/turn                e - ring of flight
MPRegen 0.10/turn                (no ring)

@: confused, flying
A: fangs 2, magic shield, antimagic bite, no potion heal 2
a: no special abilities


You were on level 2 of the Dungeon.
You visited 1 branch of the dungeon, and saw 2 of its levels.

You collected 43 gold pieces.

Inventory:

Hand Weapons
 a - a +0 falchion (weapon)
Missiles
 d - 7 boomerangs of dispersal (quivered)
Armour
 b - a +0 leather armour (worn)
 h - a +0 pair of boots (worn)
 k - a +0 helmet (worn)
Jewellery
 e - a ring of flight (left hand)
Scrolls
 c - a scroll of blinking
 f - a scroll of enchant weapon {unknown}
 i - a scroll of teleportation {unknown}
 j - a scroll of magic mapping {unknown}
Potions
 g - a potion of curing {unknown}
 l - a potion of mutation {unknown}
 m - 2 potions of invisibility {unknown}
 n - a potion of haste {unknown}
 o - a potion of lignification {unknown}
 p - 2 potions of degeneration {unknown}


   Skills:
 - Level 1.7 Fighting
 + Level 3.6 Long Blades
 - Level 0.8 Throwing
 - Level 0.7 Armour
 - Level 1.5 Dodging
 - Level 2.1 Spellcasting
 - Level 3.0 Translocations


You had 6 spell levels left.
You didn't know any spells.
Your spell library contained the following spells:

 Spells                   Type           Power      Damage    Failure   Level
 Blink                    Tloc           18%        N/A       14%         2
 Lesser Beckoning         Tloc           18%        N/A       14%         2
 Teleport Other           Tloc           9%         N/A       28%         3
 Vhi's Electric Charge    Tloc/Air       10%        N/A       45%         3
 Manifold Assault         Tloc           9%         N/A       67%         4


Dungeon Overview and Level Annotations

Branches:
Dungeon (2/15)

Altars:

Annotations:
D:2 Sigmund


Innate Abilities, Weirdness & Mutations

You have extremely sharp teeth.
When hurt, damage is shared between your health and your magic reserves.
Your bite disrupts and absorbs the magic of your enemies.
Potions cannot restore your health.


Message History

You hit the adder.
The adder is heavily wounded.
The adder misses you.
You hit the adder. Your punch misses the adder. Your bite misses the adder.
The adder is almost dead.
The adder bites you but does no damage. x2
You hit the adder.
You kill the adder!
No target in view!
No target in view!
No target in view!
No target in view!
You see here a hobgoblin corpse.
Found a ring mail.
Found an escape hatch in the ceiling.
Sigmund the Dreaded comes into view.
He is wielding a +0 scythe.
Found a lumpy brown potion.
Sigmund shouts!
Sigmund gestures at you while chanting. The puff of flame hits you!
Sigmund casts a spell.
Sigmund flickers and vanishes!
Deactivating autopickup; reactivate with Ctrl-A.
You start resting.
Something hits you but does no damage.
You start resting.
Something hits you!
You hear some strange, mumbled words.
You are confused.
You bump into the rock wall.
You hear some strange, mumbled words.
You are more confused.
You bump into the rock wall.
Something hits you!
* * * LOW HITPOINT WARNING * * *
You bump into the rock wall.
A magic dart appears from out of thin air!
The magic dart hits you!
* * * LOW HITPOINT WARNING * * *
You bump into the rock wall.
Something hits you.
You die...

#...# #.###.##
###...### #.##.#.###
#.......####...###...
#.......†.....#.#.###
#.......########.##
#.#...### #.# #.#...#
#.# #.##.## #.#
#.##@# #.# #.##.# #.#
#.##{# #.# #.##.##
### #.. #.##..# ..{!
#.###.# .....
#.###.##......
#.............
#####.##......


There were no monsters in sight!

Vanquished Creatures
  3 adders (D:2)
  5 bats
  4 endoplasms
  A giant cockroach (D:1)
  A goblin (D:1)
  3 hobgoblins
  A rat (D:1)
18 creatures vanquished.

Notes
Turn   | Place    | Note
-------+----------+-------------------------------------------
     0 | D:1      | Leeroy the Vine Stalker Warper began the quest for the Orb.
     0 | D:1      | Reached XP level 1. HP: 11/11 MP: 4/4
   169 | D:1      | Reached XP level 2. HP: 3/15 MP: 0/6
   905 | D:2      | Reached XP level 3. HP: 13/18 MP: 7/7
  1272 | D:2      | Noticed Sigmund
  1294 | D:2      | Slain by Sigmund

Illustrated notes

Levels and vault maps discovered:
D:1:      minmay_arrival_split_and_join, layout_loops_ring
D:2:      layout_loops_ring, minmay_misc_feat_diagonals, dk_vineyard_2,
          uniq_sigmund

Skill      XL: |  1  2 |
---------------+-------+-----
Long Blades    | 2 3 |  3.6
Fighting       | |  1.7
Throwing       | |  0.8
Armour         | |  0.7
Dodging        | |  1.5
Spellcasting   | |  2.1
Translocations | |  3.0

Action                     || total
---------------------------++-------
  Melee: Falchion          ||    61
         Bite              ||    13
   Stab: Sleeping          ||     2
 Armour: Leather armour    ||    33
  Dodge: Dodged            ||    46

Table legend: (Time is in decaauts)
 A = Elapsed time spent in this place.
 B = Non-inter-level travel time spent in this place.
 C = Inter-level travel time spent in this place.
 D = Time resting spent in this place.
 E = Time spent auto-exploring this place.
 F = Levels seen in this place.
 G = Mean time per level.
                   A        B        C        D        E       F      G
               +--------+--------+--------+--------+--------+-----+--------+
         Total |   1304 |   1253 |     51 |      7 |   1061 |   2 |  652.0 |
       Dungeon |   1304 |   1253 |     51 |      7 |   1061 |   2 |  652.0 |
               +--------+--------+--------+--------+--------+-----+--------+

Top non-repeatable levels by time:
     D:1: 902 daAuts
     D:2: 402 daAuts
